 Dungeon Crawl Stone Soup version 0.20-a0-641-g673355a (webtiles) character file.

350 AlphabetPasta the Cudgeler (level 6, 0/102 HPs)
             Began as a Troll Chaos Knight on Feb 12, 2017.
             Killed by divine providence
             ... invoked by an orc priest
              (10 damage)
             ... on level 3 of the Dungeon.
             The game lasted 00:11:22 (1783 turns).

AlphabetPasta the Cudgeler (Troll Chaos Knight)     Turns: 1783, Time: 00:11:23

Health: 0/102      AC: 23    Str: 25 (26) XL:     6   Next: 34%
Magic:  5/5        EV:  1    Int:  7 (8)  God:    Xom [.*....]
Gold:   78         SH:  0    Dex: 10 (11) Spells: 5/5 levels left

rFire    . . .     SeeInvis .   l - +0 flail
rCold    . . .     Gourm    +   (armour currently unavailable)
rNeg     + + +     Faith    .   (no shield)
rPois    +         Spirit   .   (helmet currently unavailable)
rElec    .         Reflect  .   (cloak currently unavailable)
rCorr    .         Harm     .   (gloves unavailable)
MR       .....     Clarity  +   (boots unavailable) Stlth +.........NoTele +
                                (no amulet)
Regen    0.7/turn               (no ring)
MPRegen  0.1/turn               (no ring)

@: mighty, tree-form, very slightly contaminated, drained
A: unfitting armour, (claws 0), blurry vision 1, clarity, deterioration 1, fast
metabolism 3, gourmand, regeneration 1, robust 1, (shaggy fur 0), (tough skin 0)
a: Renounce Religion


You were on level 3 of the Dungeon.
You worshipped Xom.
You were a plaything of Xom.
You were very full.
You were a tree.
You visited 1 branch of the dungeon, and saw 3 of its levels.

You collected 78 gold pieces.

Inventory:

Hand Weapons
 a - a +1 mace of chaos
 l - a +0 flail (weapon)
Missiles
 r - 4 javelins (quivered)
Armour
 b - a +2 robe (melded)
Wands
 o - a wand of flame (22/48)
Scrolls
 h - 4 scrolls of remove curse
 m - 2 scrolls of blinking
 p - a scroll of enchant armour
Potions
 g - a potion of lignification
 i - a potion of mutation
 n - a potion of flight {unknown}
 q - a potion of curing {unknown}
Comestibles
 c - 4 bread rations
 f - 2 royal jellies
 k - 9 chunks of flesh


   Skills:
 + Level 4.0(3.1) Fighting
 * Level 5.5(4.5) Maces & Flails
 - Level 1.9(1.0) Dodging


You had 5 spell levels left.
You didn't know any spells.

Dungeon Overview and Level Annotations

Branches:
Dungeon (3/15)

Altars:
Dithmenos
Fedhas
Hepliaklqana
Kikubaaqudgha
Ru
Trog
Xom
Zin


Innate Abilities, Weirdness & Mutations

You are too large for most types of armour.
((You have claws for hands.))
Your metabolism is lightning-fast.
You like to eat raw meat.
Your natural rate of healing is unusually fast.
((You are covered in fur. (AC +1)))
((You have very tough skin. (AC +2)))
Scrolls take you a little longer to read.
You possess an exceptional clarity of mind.
Your body sometimes deteriorates upon taking damage.
You are robust. (+10% HP)


Message History

It was a potion of degeneration.
There was something very wrong with that liquid.
You feel weakened.
You feel dopey.
You feel clumsy.
The orc wizard mumbles some strange words.
The orc wizard blinks!
The orc warrior hits you but does no damage.
It was a potion of might.
You feel very mighty all of a sudden.
The orc warrior hits you but does no damage.
You barely miss the orc warrior.
The orc wizard gestures at you while chanting.
The magic dart hits you!
* * * LOW HITPOINT WARNING * * *
The orc warrior hits you but does no damage.
You hit the orc warrior but do no damage.
The orc warrior hits you but does no damage.
The orc priest calls down the wrath of Beogh upon you.
Beogh smites you!
You die...
Xom chortles!

#
#o........#####
####.#..######.#
........######.#
........o..o...#
####.#.#######.#
...#.# #o#
#####.# #.# #.
######o####'#
#........oo♣.o.#
################


You could see an orc warrior, an orc priest, an orc wizard and an orc.

Vanquished Creatures
  A boggart (D:2)
  An orc wizard (D:2)
  Terence (D:2)
  Jessica (D:2)
  Natasha (twice) (D:2)
  Robin (D:3)
  2 adders
  An ooze (D:3)
  2 worms (D:3)
  3 dart slugs (D:2)
  4 leopard geckos
  6 orcs (D:3)
  3 giant cockroaches
  11 goblins
  7 hobgoblins
  4 jackals (D:3)
  2 quokkas
  5 bats
  2 frilled lizards
  16 kobolds
  9 rats
84 creatures vanquished.

Notes
Turn   | Place    | Note
-------+----------+-------------------------------------------
     0 | D:1      | AlphabetPasta the Troll Chaos Knight began the quest for the Orb.
     0 | D:1      | Reached XP level 1. HP: 22/22 MP: 0/0
   141 | D:1      | XOM: silly message
   162 | D:1      | XOM: harmless Conj miscast
   278 | D:1      | Reached skill level 3 in Maces & Flails
   278 | D:1      | Reached XP level 2. HP: 29/29 MP: 1/1
   486 | D:2      | Found a blossoming altar of Fedhas.
   526 | D:2      | Found a hazy altar of Hepliaklqana.
   528 | D:2      | Found a shadowy altar of Dithmenos.
   556 | D:2      | Found a bloodstained altar of Trog.
   581 | D:2      | Noticed Jessica
   584 | D:2      | Noticed Terence
   591 | D:2      | Killed Jessica
   591 | D:2      | Reached XP level 3. HP: 37/37 MP: 2/2
   609 | D:2      | Killed Terence
   609 | D:2      | Reached XP level 4. HP: 34/45 MP: 3/3
   631 | D:2      | Noticed Natasha
   641 | D:2      | Killed Natasha
   641 | D:2      | Reached skill level 4 in Maces & Flails
   687 | D:2      | XOM: summons 2 hostile demons
   742 | D:2      | Noticed Natasha
   747 | D:2      | Noticed Natasha
   747 | D:2      | Natasha changed into Natasha the boggart
   747 | D:2      | XOM: polymorph Natasha -> Natasha the boggart
   775 | D:2      | Killed Natasha the boggart
   775 | D:2      | Reached XP level 5. HP: 52/53 MP: 4/4
   802 | D:2      | Noticed Natasha
   803 | D:2      | XOM: chaos cloud
   808 | D:2      | Killed Natasha
   839 | D:2      | Reached skill level 5 in Maces & Flails
   889 | D:2      | Found an ancient bone altar of Kikubaaqudgha.
   912 | D:2      | XOM: give mutations
   912 | D:2      | Gained mutation: Armour fits poorly on your strangely shaped body. [Xom's mischief]
   912 | D:2      | Gained mutation: You expend magic power (3 MP) to strengthen your wands. [Xom's mischief]
   912 | D:2      | Gained mutation: You occasionally shout uncontrollably at your foes. [Xom's mischief]
   912 | D:2      | Gained mutation: You tend to lose your temper in combat. [Xom's mischief]
   943 | D:2      | Found a sacrificial altar of Ru.
   972 | D:2      | Reached XP level 6. HP: 61/62 MP: 5/5
  1468 | D:3      | Noticed Robin
  1469 | D:3      | XOM: cleaving
  1475 | D:3      | Killed Robin
  1727 | D:3      | Noticed an orc warrior
  1728 | D:3      | Found a glowing silver altar of Zin.
  1747 | D:3      | XOM: scenery: create altars
  1755 | D:3      | XOM: cast spell 'Cause Fear'
  1779 | D:3      | Lost mutation: Armour fits poorly on your strangely shaped body. [potion of mutation]
  1779 | D:3      | Lost mutation: You tend to lose your temper in combat. [potion of mutation]
  1779 | D:3      | Lost mutation: You expend magic power (3 MP) to strengthen your wands. [potion of mutation]
  1779 | D:3      | Lost mutation: You occasionally shout uncontrollably at your foes. [potion of mutation]
  1779 | D:3      | Gained mutation: You are robust. (+10% HP) [potion of mutation]
  1779 | D:3      | Gained mutation: Your body sometimes deteriorates upon taking damage. [potion of mutation]
  1779 | D:3      | Gained mutation: Scrolls take you a little longer to read. [potion of mutation]
  1779 | D:3      | Gained mutation: You possess an exceptional clarity of mind. [potion of mutation]
  1783 | D:3      | Killed from afar by an orc priest

Vault maps used:
D:1:      dpeg_arrival_ratfight
D:2:      cheibrodos_helix_gallery, kiku_gazebo_garden_becter,
          nicolae_overflow_crystal_walls, lemuel_round_altar,
          nicolae_ru_great_annihilating_truth, grunt_temple_overflow_open,
          minmay_splitting_lines, minmay_goblin_kobold_house, uniq_jessica,
          uniq_terence, uniq_natasha
D:3:      tso_altar, old_standard_altar, minmay_mini_jars, uniq_sigmund,
          uniq_robin

Skill      XL: |  1  2  3  4  5  6 |
---------------+-------------------+-----
Maces & Flails | 3 4 5 |  5.5
Fighting       | 3 4 |  4.0
Dodging        | |  1.9

Action                   |  1- 3 |  4- 6 || total
-------------------------+-------+-------++-------
Melee: Mace              |    57 |       ||    57
       Flail             |       |   224 ||   224
  Use: Scroll            |     5 |     3 ||     8
       Potion            |       |     6 ||     6
 Stab: Sleeping          |     1 |       ||     1
       Paralysed         |       |     4 ||     4
  Eat: Chunk             |    11 |    11 ||    22
Armor: Robe              |    14 |    92 ||   106
       Skin              |       |     6 ||     6
Dodge: Dodged            |    21 |   115 ||   136
